 Dungeon Crawl Stone Soup version 0.30.0-19-g36f170ea60 (webtiles) character file.

Game seed: 14893121602747444232

85 booth the Chopper (level 4, -3/30 (38) HPs)
             Began as a Gnoll Reaver on May 28, 2023.
             Killed by divine providence
             ... invoked by an orc priest
              (11 damage)
             ... on level 3 of the Dungeon.
             The game lasted 00:11:35 (1507 turns).

booth the Chopper (Gnoll Reaver)                    Turns: 1507, Time: 00:11:36

HP:   -3/30 (38)    AC:  4    Str: 13      XL:     4   Next: 48%
MP:   5/11          EV: 12    Int: 11 (13) God:
Gold: 33            SH:  0    Dex:  7 (10) Spells: 7/13 levels left

rFire   . . .        a - +0 hand axe
rCold   + . .        (no shield)
rNeg    . . .        b - +0 leather armour
rPois   +            (no helmet)
rElec   .            (no cloak)
rCorr   .            (no gloves)
SInv    .            h - +0 pair of boots
Will    .....        (no amulet)
Stlth   +            j - ring of protection from cold
HPRegen 0.25/turn    o - ring of poison resistance
MPRegen 0.12/turn

%: no passive effects
@: heavily drained
A: fangs 1, strong nose, distributed training
a: no special abilities


You were on level 3 of the Dungeon.
You visited 1 branch of the dungeon, and saw 3 of its levels.

You collected 33 gold pieces.

Inventory:

Hand Weapons
 a - a +0 hand axe (weapon)
 e - a +0 mace
Armour
 b - a +0 leather armour (worn)
 h - a +0 pair of boots (worn)
Jewellery
 f - a ring of wizardry
 g - a ring of resist corrosion
 j - a ring of protection from cold (left hand)
 o - a ring of poison resistance (right hand)
Scrolls
 l - 2 scrolls of identify
Potions
 c - a potion of curing
 d - a potion of might
 i - a potion of brilliance {unknown}
 k - a potion of attraction {unknown}


   Skills:
 + Level 4.6 Fighting
 + Level 1.2 Short Blades
 + Level 1.2 Long Blades
 + Level 6.6 Axes
 + Level 1.2 Maces & Flails
 + Level 1.2 Polearms
 + Level 1.2 Staves
 + Level 1.2 Ranged Weapons
 + Level 1.2 Throwing
 + Level 1.2 Armour
 + Level 4.6 Dodging
 + Level 1.2 Stealth
 + Level 1.2 Shields
 + Level 1.2 Unarmed Combat
 + Level 5.1 Spellcasting
 + Level 5.5 Conjurations
 + Level 1.0 Hexes
 + Level 1.0 Summonings
 + Level 1.0 Necromancy
 + Level 1.0 Translocations
 + Level 1.0 Transmutations
 + Level 1.0 Fire Magic
 + Level 1.0 Ice Magic
 + Level 1.0 Air Magic
 + Level 1.0 Earth Magic
 + Level 1.0 Poison Magic
 + Level 1.3 Invocations
 + Level 1.2 Evocations


You had 7 spell levels left.
You knew the following spells:

 Your Spells              Type           Power      Damage    Failure   Level
a - Kiss of Death         Conj/Necr      36%        2d8       7%          1
b - Momentum Strike       Conj/Tloc      18%        3d8       11%         2
c - Hailstorm             Conj/Ice       9%         3d4       22%         3

Your spell library contained the following spells:

 Spells                   Type           Power      Damage    Failure   Level
 Ensorcelled Hibernation  Hex/Ice        10%        N/A       26%         2
 Inner Flame              Hex/Fire       5%         N/A       47%         3
 Portal Projectile        Hex/Tloc       10%        N/A       47%         3
 Spider Form              Tmut/Pois      5%         N/A       47%         3
 Tukima's Dance           Hex            5%         N/A       47%         3
 Flame Wave               Conj/Fire      9%         2d6       56%         4
 Sticky Flame             Conj/Fire      9%         2d3       56%         4
 Anguish                  Hex/Necr       2%         N/A       87%         4
 Blade Hands              Tmut           2%         N/A       99%         5
 Chain Lightning          Conj/Air       4%         3d6       100%        9
 Fire Storm               Conj/Fire      4%         8d1       100%        9
 Shatter                  Erth           2%         3d6*      100%        9


Dungeon Overview and Level Annotations

Branches:
Dungeon (3/15)

Altars:


Innate Abilities, Weirdness & Mutations

You have very sharp teeth.
Your uncanny sense of smell can sniff out nearby items.
Your experience applies equally to all skills.


Message History

Your Summonings skill increases to level 1!
Your Necromancy skill increases to level 1!
Your Translocations skill increases to level 1!
Your Transmutations skill increases to level 1!
Your Fire Magic skill increases to level 1!
Your Ice Magic skill increases to level 1!
Your Air Magic skill increases to level 1!
Your Earth Magic skill increases to level 1!
Your Poison Magic skill increases to level 1!
You have reached level 4!
You feel clever.
Casting: Kiss of Death (safe; 7% risk of failure)
Confirm with . or Enter, or press ? or * to list all spells.
Aiming: Kiss of Death (safe; 7% risk of failure)
Press: ? - help, Shift-Dir - straight line, f - orc priest
Aim: an orc priest, wielding a +1 flail of protection (lightly wounded, 100% to hit)
The negative energy hits the orc priest!
The orc priest is drained!
The orc priest is almost dead.
You feel drained. The orc closely misses you.
The orc priest hits you with a +1 flail of protection.
* * * LOW HITPOINT WARNING * * *
Casting: Kiss of Death (safe; 7% risk of failure)
Confirm with . or Enter, or press ? or * to list all spells.
The spell is quite dangerous to miscast (22% risk of failure)!
Continue anyway?
Okay, then.
Casting: Hailstorm (quite dangerous; 22% risk of failure)
Confirm with . or Enter, or press ? or * to list all spells.
The spell is quite dangerous to miscast (22% risk of failure)!
Continue anyway?
Casting: Hailstorm (quite dangerous; 22% risk of failure)
Press: ? - help, Dir - look around, f - activate A cannonade of hail descends around you!
The hail misses the orc.
The hail misses the orc wizard.
The orc misses you. The orc priest closely misses you.
The air fills with toxic fumes!
As you read the scroll labelled WURONK OFOTUOCA, it crumbles to dust.
It was a scroll of poison.
The orc barely misses you.
The orc priest calls down the wrath of Beogh upon you.
Beogh smites you!
You die...

#.# #o# #o# ########.#
#........# #........# ∆ #
#......§§#########§§§§
#......§§§§o§o@oooo§§§
#......§§#########§§§§ ∆
#........# # #........#
##########
#........####........#####
#..>.......).............#
#.........###.######.#####
#########.# #.# #.# #.#
#.# #.#


You could see an orc priest (very drained), an orc wizard and 4 orcs.

Vanquished Creatures
  An orc priest (D:3)
  An adder (D:2)
  A worm (D:2)
  3 dart slugs
  2 orcs
  5 ball pythons
  4 bats
  An endoplasm (D:2)
  A giant cockroach (D:1)
  5 goblins
  4 hobgoblins
  3 frilled lizards
  4 rats
35 creatures vanquished.

Notes
Turn   | Place    | Note
-------+----------+-------------------------------------------
     0 | D:1      | booth the Gnoll Reaver began the quest for the Orb.
     0 | D:1      | Reached XP level 1. HP: 20/20 MP: 6/6
     5 | D:1      | Noticed a demonspawn
     5 | D:1      | Noticed an octopode
     7 | D:1      | Noticed a felid
     7 | D:1      | Noticed a demigod
     9 | D:1      | Noticed a troll
    11 | D:1      | Noticed a formicid
    13 | D:1      | Noticed a naga
    13 | D:1      | Noticed a tengu
    15 | D:1      | Noticed a minotaur
    15 | D:1      | Noticed a human
    17 | D:1      | Noticed a merfolk
    17 | D:1      | Noticed a vampire
    19 | D:1      | Noticed a vine stalker
    19 | D:1      | Noticed a meteoran
    21 | D:1      | Noticed an armataur
    21 | D:1      | Noticed a ghoul
    23 | D:1      | Noticed a draconian
    23 | D:1      | Noticed an ogre
    25 | D:1      | Noticed a spriggan
    27 | D:1      | Noticed a gargoyle
    27 | D:1      | Noticed a merfolk
    29 | D:1      | Noticed a demigod
    29 | D:1      | Noticed a troll
   189 | D:1      | Reached XP level 2. HP: 26/26 MP: 7/7
   196 | D:1      | Learned a level 2 spell: Momentum Strike
   200 | D:1      | Found a faded altar of an unknown god.
   756 | D:2      | Reached skill level 5 in Spellcasting
   756 | D:2      | Reached XP level 3. HP: 27/31 MP: 7/9
   760 | D:2      | Learned a level 3 spell: Hailstorm
   813 | D:2      | Reached skill level 1 in Invocations
  1149 | D:2      | Reached skill level 1 in Short Blades
  1149 | D:2      | Reached skill level 1 in Long Blades
  1149 | D:2      | Reached skill level 1 in Maces & Flails
  1149 | D:2      | Reached skill level 1 in Polearms
  1149 | D:2      | Reached skill level 1 in Staves
  1149 | D:2      | Reached skill level 1 in Ranged Weapons
  1149 | D:2      | Reached skill level 1 in Throwing
  1149 | D:2      | Reached skill level 1 in Armour
  1149 | D:2      | Reached skill level 1 in Stealth
  1149 | D:2      | Reached skill level 1 in Shields
  1149 | D:2      | Reached skill level 1 in Unarmed Combat
  1149 | D:2      | Reached skill level 1 in Evocations
  1505 | D:3      | Reached skill level 1 in Hexes
  1505 | D:3      | Reached skill level 1 in Summonings
  1505 | D:3      | Reached skill level 1 in Necromancy
  1505 | D:3      | Reached skill level 1 in Translocations
  1505 | D:3      | Reached skill level 1 in Transmutations
  1505 | D:3      | Reached skill level 1 in Fire Magic
  1505 | D:3      | Reached skill level 1 in Ice Magic
  1505 | D:3      | Reached skill level 1 in Air Magic
  1505 | D:3      | Reached skill level 1 in Earth Magic
  1505 | D:3      | Reached skill level 1 in Poison Magic
  1505 | D:3      | Reached XP level 4. HP: 12/36 MP: 9/11
  1507 | D:3      | Killed from afar by an orc priest

Illustrated notes

Levels and vault maps discovered:
D:1:      kb_arrival_jail, layout_loops_cross, ebering_ecumenical_altar_webs
D:2:      layout_rooms
D:3:      minmay_evil_eye, layout_basic, serial_corexii_hall,
          corexii_hall_statues_deadend, corexii_hall_statues_x

Skill      XL: |  1  2  3 |
---------------+----------+-----
Spellcasting   | 5 |  5.1
Invocations    | 1 |  1.3
Short Blades   | 1 |  1.2
Long Blades    | 1 |  1.2
Maces & Flails | 1 |  1.2
Polearms       | 1 |  1.2
Staves         | 1 |  1.2
Ranged Weapons | 1 |  1.2
Throwing       | 1 |  1.2
Armour         | 1 |  1.2
Stealth        | 1 |  1.2
Shields        | 1 |  1.2
Unarmed Combat | 1 |  1.2
Evocations     | 1 |  1.2
Hexes          | 1 |  1.0
Summonings     | 1 |  1.0
Necromancy     | 1 |  1.0
Translocations | 1 |  1.0
Transmutations | 1 |  1.0
Fire Magic     | 1 |  1.0
Ice Magic      | 1 |  1.0
Air Magic      | 1 |  1.0
Earth Magic    | 1 |  1.0
Poison Magic   | 1 |  1.0
Fighting       | |  4.6
Axes           | |  6.6
Dodging        | |  4.6
Conjurations   | |  5.5

Action                     |  1- 3 |  4- 6 || total
---------------------------+-------+-------++-------
  Melee: Hand axe          |   115 |       ||   115
         Bite              |     9 |       ||     9
   Cast: Momentum Strike   |     2 |       ||     2
         Kiss of Death     |     1 |     1 ||     2
         Hailstorm         |       |     1 ||     1
    Use: Scroll            |     3 |     1 ||     4
         Potion            |     2 |       ||     2
   Stab: Sleeping          |     1 |       ||     1
 Armour: Leather armour    |    25 |       ||    25
  Dodge: Dodged            |    62 |     4 ||    66
